Unix NetHack Version 3.7.0-66 Work-in-progress - last build Dec 26 2022 05:50:31 (55254d10815e23f0e7c0ebc937178fe17f3ffff8,branch:master). Game began 2023-01-09 12:51:07, ended 2023-01-09 14:36:45. y4k4r1, lawful female human Valkyrie --- ---.-- --- ... ...... |....#--.--................ -#o.............))..........- -%@....))%)......)........... ....h..--........).)....--<... --.... |.......|.---...||..| --. ---.--.---- |..------ - --- ---- Y4k4r1 the Skirmisher St:18 Dx:10 Co:18 In:12 Wi:10 Ch:7 Lawful S:1672 Dlvl:8 $:36 HP:0(52) Pw:19(19) AC:-2 Xp:5/319 T:2987 Latest messages: The 2nd dagger hits Mee-mow. You kill the gnome! You swap places with the peaceful dwarf. You hear crashing rock. You swap places with the peaceful dwarf. Restoring save file... Velkommen y4k4r1, the human Valkyrie, welcome back to NetHack! You are lucky! Full moon tonight. Pick an object. Ogakhai of Airukai wields a scimitar! Ogakhai of Airukai swings his scimitar. Ogakhai of Airukai misses! The air crackles around Aruk-agor of Airukai. Ogakhai of Airukai swings his scimitar. Ogakhai of Airukai hits! Pick an object. You miss Aruk-agor of Airukai. Aruk-agor of Airukai points all around, then curses. Ogakhai of Airukai swings his scimitar. Ogakhai of Airukai misses! You miss Aruk-agor of Airukai. Aruk-agor of Airukai points all around, then curses. Ogakhai of Airukai swings his scimitar. Ogakhai of Airukai misses! You hit Aruk-agor of Airukai! Ogakhai of Airukai swings his scimitar. Ogakhai of Airukai misses! You hit Aruk-agor of Airukai! Ogakhai of Airukai swings his scimitar. Ogakhai of Airukai hits! The gnome hits! You kill Aruk-agor of Airukai! Ogakhai of Airukai swings his scimitar. Ogakhai of Airukai hits! You kill the gnome! The crossbow bolt hits Ogakhai of Airukai. The crossbow bolt hits Ogakhai of Airukai. A crossbow bolt misses you. A crossbow bolt misses you. A crossbow bolt misses you. There is a gnome corpse here; eat it? [ynq] (n) This gnome corpse is tough. Ogakhai of Airukai drinks a cloudy potion! Ogakhai of Airukai looks completely healed. You stop eating the gnome corpse. Ogakhai of Airukai swings his scimitar. Ogakhai of Airukai hits! You are hit by a crossbow bolt. You die... Do you want your possessions identified? [ynq] (y) Inventory: Coins $ - 36 gold pieces Weapons z - a +0 crossbow (alternate weapon; not wielded) b - a +0 dagger D - a +0 dagger n - a blessed +1 elven dagger r - a +0 orcish dagger a - a +1 spear (weapon in hand) Armor k - an uncursed +0 orcish helm (being worn) c - an uncursed +3 small shield (being worn) f - an uncursed +0 banded mail (being worn) Comestibles u - an uncursed cram ration i - 2 uncursed food rations g - an uncursed lichen corpse Scrolls h - an uncursed scroll of enchant weapon y - an uncursed scroll of food detection Spellbooks s - an uncursed spellbook of detect monsters Potions o - an uncursed potion of blindness t - an uncursed potion of confusion m - a blessed potion of monster detection q - an uncursed potion of water Rings j - a blessed +1 ring of protection (on left hand) w - an uncursed ring of searching (on right hand) Wands v - a wand of fire (0:8) E - a wand of magic missile (0:5) Tools x - an empty uncursed sack e - an uncursed oil lamp F - an uncursed oil lamp (lit) Y4k4r1 the Valkyrie's attributes: Background: You were a Skirmisher, a level 5 human Valkyrie. You were lawful, nominally on a mission for Tyr who was opposed by Odin (neutral) and Loki (chaotic). You were in the Gnomish Mines, on level 8. You entered the dungeon 2987 turns ago. There was a full moon in effect when your adventure ended. You had 319 experience points, 1 more was needed to attain level 6. Your score was 1672 before end-of-game adjustments. Basics: You had 0 out of 52 hit points. You had all 19 energy points (spell power). Your armor class was -2. Your wallet contained 36 zorkmids. Autopickup was on for '$?!/="+' plus thrown, with exceptions. FinalCharacteristics: Your strength was 18 (limit:18/100). Your dexterity was 10 (limit:18). Your constitution was 18 (limit:18). Your intelligence was 12 (limit:18). Your wisdom was 10 (limit:18). Your charisma was 7 (limit:18). Final Status: You were not hungry. You were unencumbered. You were wielding a spear. You had basic skill with spear and could have enhanced that. Final Attributes: You were piously aligned. You were cold resistant. You had automatic searching. You were stealthy. You had a small defense bonus (+1). You were guarded. You were lucky. You are dead. Miscellaneous: You never encountered a bones level. Total elapsed playing time was 1 hour, 4 minutes and 11 seconds. Major events: Turn 1: y4k4r1 the lawful human Valkyrie entered the dungeon 1201: attained the rank of Skirmisher (level 3) 1618: entered the Gnomish Mines 2987: killed by a crossbow bolt Vanquished creatures: an orc shaman a rock mole 3 gnome leaders a floating eye 2 hill orcs a rothe a rabid rat 3 dwarf zombies an acid blob a hobbit a giant rat 2 cave spiders a yellow mold 26 gnomes 3 garter snakes a gnome zombie 2 geckos 4 jackals 2 kobolds 3 goblins 5 grid bugs 3 lichens 2 kobold zombies 5 newts 75 creatures vanquished. No species were genocided or became extinct. Voluntary challenges: You were an atheist. You were illiterate. You never engraved Elbereth. You never genocided any monsters. You never polymorphed an object. You never changed form. You used no wishes. Achievements: You entered a shop. You attained the rank of Skirmisher. You entered the Gnomish Mines. The Dungeons of Doom: levels 1 to 3 Level 1: A fountain. Level 2: A general store. Level 3: A fountain. Stairs down to The Gnomish Mines. The Gnomish Mines: levels 4 to 8 Level 4: Level 5: Level 6: Level 7: A fountain. Level 8: <- You were here. Final resting place for you, killed by a crossbow bolt. Game over: ---------- / \ / REST \ / IN \ / PEACE \ / \ | y4k4r1 | | 36 Au | | killed by a | | crossbow bolt | | | | | | 2023 | *| * * * | * _________)/\\_//(\/(/\)/\//\/|_)_______ Farvel y4k4r1 the Valkyrie... You died in The Gnomish Mines on dungeon level 8 with 1669 points, and 36 pieces of gold, after 2987 moves. You were level 5 with a maximum of 52 hit points when you died.